Map: Dusk Towers

Players

Serral - Winner!

  • Race: Zerg Zerg
  • League: Grandmaster

Protosser

  • Race: Zerg Zerg
  • League: Grandmaster

Event: DreamHack ZOWIE Open Leipzig

VOD

Have the link to the VOD?

Description

Time

  • Played on: Jan. 22, 2016, 9:44 a.m.
  • Length: 16:27

All games in this series

Show
View Real Time Build Order
Export as new Build Order

Serral Zerg - Winner!

Build Orders: Hatch First, Lurkers 

Get SALT Encoding   

  12  0:00  Drone  
  13  0:13  Overlord  
  13  0:17  Drone  
  14  0:31  Drone x2  
  14  0:35  Drone  
  17  0:54  Hatchery  
  17  0:55  Drone  
  17  0:58  Drone  
  17  1:01  Extractor  
  17  1:07  Drone  
  18  1:17  Spawning Pool  
  17  1:19  Drone  
  18  1:28  Drone  
  19  1:39  Overlord  
  19  2:03  Metabolic Boost, Queen  
  19  2:04  Zergling x2  
  19  2:05  Queen  
  19  2:06  Zergling x2  
  19  2:07  Drone  
  26  2:11  Drone  
  27  2:18  Drone  
  27  2:21  Baneling Nest  
  27  2:23  Drone  
  27  2:27  Drone  
  29  2:32  Overlord  
  29  2:38  Drone  
  29  2:43  Zergling x2  
  31  2:48  Drone  
  32  2:55  Drone  
  33  3:00  Zergling x2  
  34  3:09  Drone  
  32  3:13  Drone x2  
  32  3:14  Drone x2  
  32  3:15  Drone x3  
  38  3:21  Zergling x2  
  38  3:22  Hatchery  
  38  3:26  Overlord  
  38  3:30  Zergling x2  
  38  3:31  Baneling x2  
  39  3:36  Zergling x2  
  40  3:44  Overlord  
  40  3:45  Evolution Chamber, Overlord  
  40  3:48  Zergling x6  
  40  3:51  Zergling x2  
  40  3:53  Drone  
  40  3:54  Drone  
  45  3:57  Drone  
  45  4:00  Drone  
  45  4:01  Extractor  
  46  4:07  Drone  
  47  4:10  Baneling x2  
  47  4:12  Zerg Missile Weapons Level 1  
  47  4:15  Drone x2  
  49  4:18  Overlord, Extractor  
  49  4:20  Drone x2  
  49  4:21  Drone  
  50  4:26  Baneling x2  
  50  4:28  Overlord  
  50  4:30  Drone  
  51  4:31  Drone  
  51  4:32  Drone  
  51  4:38  Queen  
  52  4:40  Drone  
  55  4:49  Drone x3  
  55  4:51  Lair  
  58  4:57  Roach Warren  
  57  5:00  Baneling x2  
  57  5:01  Overlord  
  57  5:02  Drone x2  
  57  5:04  Drone  
  57  5:06  Drone  
  61  5:14  Zergling x8  
  63  5:18  Zergling x6  
  67  5:22  Drone  
  67  5:25  Baneling x2  
  68  5:33  Drone x4  
  72  5:37  Overlord, Extractor  
  72  5:38  Drone x2  
  72  5:41  Drone x2  
  75  5:43  Drone  
  75  5:46  Drone  
  75  5:47  Drone  
  75  5:48  Overseer  
  78  5:50  Overlord  
  78  5:51  Glial Reconstitution  
  78  5:53  Drone x2  
  78  5:54  Pneumatized Carapace  
  78  5:56  Drone  
  81  5:57  Extractor x2  
  81  5:58  Overlord  
  79  6:10  Roach x3  
  85  6:17  Roach  
  85  6:18  Roach x3  
  92  6:21  Overlord  
  92  6:28  Roach x6  
  92  6:32  Zerg Missile Weapons Level 2  
  104  6:35  Drone  
  104  6:37  Drone x6  
  111  6:45  Overlord  
  111  6:47  Roach x2  
  111  6:50  Ravager x4  
  111  6:53  Hatchery  
  118  7:00  Hydralisk Den  
  117  7:03  Roach  
  117  7:04  Roach x4  
  127  7:09  Roach x2  
  127  7:10  Roach  
  127  7:14  Overlord  
  133  7:18  Overlord x3  
  133  7:20  Overlord x2  
  129  7:31  Ravager  
  129  7:34  Lurker Den  
  130  7:38  Roach x6  
  142  7:45  Roach  
  142  7:46  Roach x5  
  154  7:52  Roach x2  
  154  7:53  Roach x2  
  160  8:09  Hydralisk x5  
  168  8:17  Queen  
  168  8:18  Overlord  
  168  8:19  Roach x5  
  177  8:23  Roach x2  
  179  8:34  Overlord x3  
  179  8:35  Overlord x2  
  179  8:49  Roach  
  179  8:50  Roach  
  179  8:52  Overlord x4  
  179  8:54  Ravager x2  
  179  8:58  Roach x4  
  174  9:03  Roach x4  
  171  9:10  Roach x4  
  171  9:11  Roach  
  171  9:15  Queen  
  161  9:21  Roach  
  161  9:22  Roach x3  
  139  9:29  Roach x3  
  119  9:38  Roach x3  
  111  9:43  Roach x2  
  110  9:49  Roach x3  
  114  9:57  Roach x2  
  114  9:58  Roach  
  113  10:03  Roach x2  
  103  10:21  Roach x4  
  87  10:40  Drone x2, Hydralisk  
  87  10:41  Drone, Hydralisk x3  
  96  11:08  Lurker x4  
  96  11:10  Drone  
  96  11:11  Drone x9  
  110  11:23  Roach  
  110  11:24  Roach x3  
  118  11:35  Roach x4  
  127  11:40  Drone  
  127  11:43  Drone  
  127  11:46  Ravager x3  
  127  11:47  Ravager x3  
  132  11:57  Roach x6  
  142  12:08  Nydus Network  
  141  12:25  Roach x4  
  149  12:33  Spore Crawler x2, Drone  
  149  12:34  Drone x2, Spore Crawler  
  149  12:36  Roach x2  
  149  12:37  Roach x3  
  157  12:46  Nydus Canal  
  157  12:53  Drone  
  158  13:01  Hatchery  
  158  13:04  Nydus Canal  
  157  13:06  Roach x2  
  157  13:08  Roach x2  
  157  13:11  Roach  
  167  13:18  Roach x3  
  168  13:27  Nydus Canal  
  162  13:29  Roach x2  
  158  13:35  Roach x2  
  147  13:49  Hydralisk x3  
  147  13:53  Hydralisk  
  155  14:01  Hydralisk x2  
  155  14:11  Burrow  
  155  14:17  Lurker  
  156  14:18  Lurker x2  
  156  14:20  Lurker  
  154  14:37  Lurker x2  
  154  14:52  Roach x5  
  163  14:53  Roach  
  163  15:01  Hatchery  
  163  15:02  Ravager x3  
  163  15:03  Ravager x3  
  163  15:06  Drone x3  
  171  15:07  Roach  
  173  15:16  Ravager  
  173  15:17  Ravager  
  173  15:20  Roach  
  177  15:47  Roach x3  
  177  15:48  Roach x7  
  173  15:58  Roach  
  173  15:59  Roach x2  
  173  16:01  Overseer  
  172  16:17  Infestation Pit  
Show
View Real Time Build Order
Export as new Build Order

Protosser Zerg 

Build Orders: Hatch First, Zergling Baneling 

Get SALT Encoding   

  12  0:00  Drone  
  13  0:12  Overlord  
  13  0:17  Drone  
  14  0:30  Drone x2  
  14  0:34  Drone  
  17  0:51  Hatchery  
  17  0:54  Drone  
  17  0:57  Drone  
  17  1:01  Extractor  
  17  1:13  Spawning Pool  
  17  1:16  Drone  
  17  1:20  Drone  
  18  1:28  Drone  
  19  1:39  Drone  
  20  1:49  Overlord  
  20  2:00  Queen  
  22  2:03  Metabolic Boost, Zergling x2  
  22  2:04  Queen  
  22  2:06  Drone  
  26  2:13  Drone  
  26  2:14  Drone  
  28  2:22  Baneling Nest  
  27  2:25  Drone x2  
  29  2:32  Zergling x2  
  30  2:40  Zergling x2  
  31  2:49  Hatchery  
  30  2:51  Overlord  
  30  2:58  Overlord, Drone  
  30  3:03  Drone  
  30  3:05  Drone  
  33  3:09  Drone  
  33  3:10  Drone  
  33  3:15  Drone x2  
  35  3:20  Baneling x2  
  35  3:21  Drone  
  35  3:22  Drone  
  35  3:24  Drone  
  38  3:32  Zergling x4  
  38  3:33  Zergling x2  
  41  3:40  Extractor, Zergling x2  
  41  3:41  Evolution Chamber  
  40  3:51  Drone x4  
  40  3:55  Baneling x2  
  44  3:58  Drone x3  
  44  3:59  Drone  
  44  4:02  Queen  
  50  4:10  Zergling x4  
  50  4:12  Baneling  
  50  4:14  Baneling  
  50  4:15  Baneling  
  50  4:16  Baneling  
  52  4:21  Zergling x4  
  52  4:23  Zergling x10  
  58  4:25  Overlord  
  58  4:26  Overlord  
  58  4:30  Overlord  
  58  4:37  Zergling x2  
  58  4:41  Lair  
  57  4:51  Drone x3  
  60  4:53  Zerg Missile Weapons Level 1  
  60  4:56  Roach Warren  
  60  4:57  Extractor  
  57  5:00  Drone x3  
  57  5:01  Drone x3  
  57  5:03  Drone x2  
  57  5:05  Overlord  
  65  5:08  Drone  
  64  5:16  Drone x4  
  64  5:20  Drone x2  
  70  5:24  Drone  
  70  5:25  Drone, Extractor  
  71  5:29  Drone x2  
  71  5:30  Drone x2  
  71  5:35  Drone x4  
  78  5:39  Glial Reconstitution  
  78  5:40  Drone  
  80  5:49  Extractor x2  
  78  5:54  Drone x6  
  83  6:07  Roach x3  
  88  6:12  Overlord  
  87  6:21  Overlord  
  87  6:23  Overlord x3  
  87  6:30  Evolution Chamber  
  87  6:32  Roach x6  
  98  6:33  Hatchery  
  98  6:34  Overlord x2  
  97  6:41  Roach  
  97  6:43  Roach x2  
  103  6:49  Roach  
  103  6:50  Roach x6  
  103  6:52  Roach x3  
  123  6:57  Roach x2  
  127  7:04  Ravager x2  
  127  7:05  Ravager x2  
  127  7:06  Roach  
  127  7:07  Roach  
  135  7:11  Roach  
  135  7:13  Ravager  
  138  7:16  Roach x2  
  138  7:18  Overlord x3  
  140  7:28  Overlord  
  138  7:33  Overlord x2  
  137  7:38  Roach x7  
  137  7:39  Pneumatized Carapace  
  137  7:41  Roach  
  153  7:45  Extractor  
  153  7:47  Roach x5  
  153  7:48  Roach x2  
  153  7:50  Roach  
  168  7:53  Ravager, Roach  
  168  7:54  Ravager  
  165  8:11  Roach x9  
  177  8:14  Drone x2  
  177  8:18  Roach  
  181  8:21  Zerg Missile Weapons Level 2, Zerg Ground Armor Level 1  
  181  8:23  Roach  
  183  8:31  Overlord x2  
  183  8:35  Overlord  
  183  8:36  Overlord, Ravager  
  183  8:40  Overlord  
  184  8:49  Queen  
  184  8:53  Roach x10  
  198  9:01  Roach  
  198  9:02  Roach x3  
  195  9:03  Roach  
  195  9:06  Roach  
  184  9:13  Roach  
  184  9:14  Roach  
  154  9:27  Roach x3  
  154  9:28  Roach x2  
  154  9:30  Roach  
  145  9:34  Roach  
  120  9:50  Roach  
  120  9:51  Roach x2  
  117  9:57  Roach x6  
  120  10:13  Roach x4  
  96  10:22  Roach  
  85  10:40  Ravager x2  
  85  10:41  Zerg Ground Armor Level 2, Ravager x3  
  88  10:51  Roach  
  88  10:52  Roach x4  
  88  10:56  Ravager  
  99  10:57  Ravager  
  99  10:59  Roach  
  99  11:00  Roach  
  104  11:09  Roach  
  106  11:13  Roach x4  
  114  11:21  Roach x3  
  115  11:40  Overseer  
  115  11:42  Ravager x2  
  115  11:46  Roach x6  
  129  11:47  Overseer  
  129  11:54  Roach x2  
  122  12:17  Drone x10  
  132  12:23  Hydralisk Den  
  128  12:38  Drone x4  
  128  12:43  Overlord x2  
  132  12:56  Lurker Den  
  132  13:00  Drone x3  
  132  13:01  Drone x3, Extractor  
  137  13:07  Roach  
  137  13:08  Roach x5  
  147  13:17  Roach  
  147  13:18  Roach x3  
  147  13:19  Overseer  
  138  13:27  Roach x2  
  138  13:28  Roach x2  
  140  13:39  Roach x4  
  139  13:43  Roach  
  139  13:45  Roach x2  
  139  13:46  Roach  
  138  13:52  Ravager x4  
  130  13:58  Overseer  
  126  14:09  Spawning Pool  
  112  15:08  Hydralisk x5  
  112  15:09  Hydralisk  
  112  15:13  Roach Warren  
  123  15:30  Hydralisk  
  125  15:36  Lurker x6  
  98  16:03  Roach x3  

Tags
 
Add a new tag
Caveats
  • Supply blocks, unpowered buildings, or Contaminate may cause inaccurate times.
  • Supply counts are checked every 10 seconds.